 Dungeon Crawl Stone Soup version 0.27-a0-46-g34d46f0a3f (webtiles) character file.

Game seed: 10929325814570116363

2481 Descartes the Destroyer (level 9, -8/64 HPs)
             Began as a Pale Draconian Conjurer on Jan 6, 2021.
             Mangled by a two-headed ogre
             ... wielding a +0 giant club
              (20 damage)
             ... on level 8 of the Dungeon.
             The game lasted 00:33:28 (9175 turns).

Descartes the Destroyer (Pale Draconian Conjurer)   Turns: 9175, Time: 00:33:30

Health: -8/64      AC:  8    Str:  9    XL:     9   Next: 27%
Magic:  12/16      EV: 12    Int: 22    God:
Gold:   152        SH:  5    Dex: 10    Spells: 0/18 levels left

rFire    + . .     SeeInvis .   y - +2 scythe (pain)
rCold    . . .     Faith    .   (shield currently unavailable)
rNeg     . . .     Spirit   .   (armour unavailable)
rPois    .         Reflect  +   (helmet restricted)
rElec    .         Harm     .   p - +0 cloak
rCorr    .         Rampage  .   (no gloves)
Will     .....                  (no boots)
Stlth    ++........             b - amulet of reflection
HPRegen  0.60/turn              e - ring of fire
MPRegen  0.15/turn              C - ring of ice

@: very slightly contaminated
A: breathe steam, unfitting armour, fire resistance 1, regeneration 1, wild
magic 1, cold-blooded, AC +7
a: Breathe Steam


You were on level 8 of the Dungeon.
You visited 1 branch of the dungeon, and saw 8 of its levels.

You collected 489 gold pieces.
You spent 337 gold pieces at shops.

Inventory:

Hand Weapons
 y - a +2 scythe of pain (weapon)
 J - a +2 dagger of venom
 X - a +2 flail of protection
Missiles
 g - 13 poisoned darts
 h - 240 stones
 j - 132 arrows
 T - 4 boomerangs
Armour
 p - a +0 cloak (worn)
 H - a +0 buckler
Magical Staves
 G - an uncursed staff of earth
Jewellery
 b - an amulet of reflection (around neck)
 e - a ring of fire (left hand)
 r - an uncursed amulet of magic regeneration
 C - a ring of ice (right hand)
Wands
 t - a wand of random effects (10)
 E - a wand of polymorph (6)
 F - a wand of enslavement (10)
 L - a wand of flame (17)
 O - a wand of iceblast (12)
 P - a wand of digging (2)
Scrolls
 a - 2 scrolls of enchant armour {unknown}
 c - 2 scrolls of fear {unknown}
 d - 4 scrolls of remove curse
 f - 7 scrolls of teleportation
 n - a scroll of random uselessness {unknown}
 o - 2 scrolls of blinking {unknown}
 q - 6 scrolls of enchant weapon
 s - 4 scrolls of amnesia
 u - a scroll of immolation {unknown}
 w - a scroll of noise {unknown}
 K - a scroll of fog {unknown}
 M - a scroll of torment {unknown}
 U - a scroll of magic mapping {unknown}
 V - a scroll of holy word {unknown}
Potions
 k - 2 potions of haste
 l - a potion of resistance
 m - 2 potions of brilliance
 v - 5 potions of curing
 x - 7 potions of heal wounds
 A - 2 potions of flight
 B - a potion of mutation
 D - 2 potions of ambrosia
 I - a potion of lignification
 N - a potion of berserk rage
 R - 3 potions of attraction
 W - a potion of cancellation


   Skills:
 - Level 1.0 Fighting
 - Level 2.7 Dodging
 - Level 2.2 Stealth
 - Level 4.0 Shields
 - Level 0.2 Unarmed Combat
 - Level 5.0 Spellcasting
 + Level 8.5 Conjurations
 + Level 4.5 Necromancy
 + Level 1.3 Earth Magic
 - Level 5.0 Evocations


You couldn't memorise any spells.
You knew the following spells:

 Your Spells              Type           Power        Failure   Level
a - Magic Dart            Conj           100%         1%          1
b - Searing Ray           Conj           100%         1%          2
c - Dazzling Flash        Conj/Hex       62%          9%          3
d - Fulminant Prism       Conj/Hex       15%          24%         4
e - Iskenderun's Mystic   Conj/Tloc      31%          24%         4
f - Pain                  Necr           100%         3%          1
g - Sandblast             Erth           30%          10%         1
h - Passwall              Tmut/Erth      9%           17%         2

Your spell library contained the following spells:

 Spells                   Type           Power        Failure   Level
 Animate Skeleton         Necr           66%          3%          1
 Stone Arrow              Conj/Erth      70%          7%          3
 Vampiric Draining        Necr           16%          8%          3
 Corona                   Hex            7%           14%         1
 Ensorcelled Hibernation  Hex/Ice        20%          22%         2
 Animate Dead             Necr           16%          22%         4
 Confusing Touch          Hex            7%           38%         3
 Gell's Gravitas          Tloc           3%           38%         3
 Tukima's Dance           Hex            7%           38%         3
 Agony                    Necr           33%          50%         5
 Petrify                  Tmut/Erth      11%          67%         4
 Lee's Rapid Deconstruct  Erth           7%           89%         5
 Metabolic Englaciation   Hex/Ice        5%           97%         5
 Yara's Violent Unravell  Hex/Tmut       3%           97%         5


Dungeon Overview and Level Annotations

Branches:
Dungeon (8/15)             Temple (0/1) D:4
   Lair: D:8-11

Altars:
Elyvilon
Fedhas
Zin

Shops:
D:7 ?=!!*


Innate Abilities, Weirdness & Mutations

You can breathe blasts of scalding, opaque steam.
Your pale cyan-grey scales are hard. (AC +7)
You cannot fit into any form of body armour.
You are cold-blooded and may be slowed by cold attacks.
Your flesh is heat resistant. (rF+)
Your natural rate of healing is unusually fast.
Your spells are a little harder to cast, but a little more powerful.


Message History

* * * LOW HITPOINT WARNING * * *
The two-headed ogre is engulfed in a cloud of scalding steam.
Casting: Magic Dart (safe; 1% risk of failure)
Confirm with . or Enter, or press ? or * to list all spells.
Aiming: Magic Dart (safe; 1% risk of failure)
Press: ? - help, Shift-Dir - straight line, f/p - two-headed ogre
Aim: a two-headed ogre, wielding two +0 giant clubs (almost dead, 0% to evade)
You miscast Magic Dart.
You are very lightly contaminated with residual magic.
Nothing appears to happen.
Casting: Magic Dart (safe; 1% risk of failure)
Confirm with . or Enter, or press ? or * to list all spells.
Aiming: Magic Dart (safe; 1% risk of failure)
Press: ? - help, Shift-Dir - straight line, f/p - two-headed ogre
Aim: a two-headed ogre, wielding two +0 giant clubs (almost dead, 0% to evade)
The magic dart hits the two-headed ogre.
The two-headed ogre is almost dead.
The two-headed ogre barely misses you.
The two-headed ogre hits you with a cursed +0 giant club!!
You die...

#.#.........#
###+###.#.........#
........#.........#
........#.........#
........#.........#
........#.........#
........'....>....#
.##.###.#.........#
#.#####@##### #.#
#O# #.# #.#
#.#####'##
#.........
#......ยง..
#..........
#..........#
#..........#


You could see a two-headed ogre.

Vanquished Creatures
  Sigmund (D:2)
  A wraith (D:7)
  Eustachio (D:4)
  An orc warrior (D:7)
  2 ice beasts
  A sky beast (D:7)
  2 ogres
  A big kobold (D:7)
  Blork the orc (D:4)
  3 bullfrogs (D:7)
  A scorpion (D:6)
  4 howler monkeys
  A bullfrog zombie (D:5)
  A quasit (D:7)
  A jelly (D:6)
  2 orc priests (D:7)
  6 hounds
  3 orc wizards (D:7)
  2 bullfrog skeletons (D:7)
  Jessica (D:2)
  2 iguanas (D:7)
  5 worker ants
  A hound zombie (D:5)
  2 hound skeletons
  12 adders
  A howler monkey skeleton (D:7)
  A shadow imp (D:7)
  A white imp (D:4)
  An ufetubus (D:7)
  2 oozes (D:1)
  An adder zombie (D:6)
  An adder skeleton (D:6)
  2 worms
  3 dart slugs
  2 leopard geckos (D:1)
  8 orcs
  4 ball pythons
  8 giant cockroaches
  8 goblins
  6 hobgoblins
  18 jackals
  11 kobolds
  3 quokkas
  7 bats
  5 frilled lizards
  A leopard gecko zombie (D:5)
  5 rats
157 creatures vanquished.

Vanquished Creatures (others)
  A quokka (D:2)
1 creature vanquished.

Grand Total: 158 creatures vanquished

Notes
Turn   | Place    | Note
-------+----------+-------------------------------------------
     0 | D:1      | Descartes the Draconian Conjurer began the quest for the
                  | Orb.
     0 | D:1      | Reached XP level 1. HP: 14/14 MP: 3/3
   202 | D:1      | Reached XP level 2. HP: 20/20 MP: 0/5
   830 | D:1      | Reached XP level 3. HP: 26/26 MP: 0/6
  2063 | D:2      | Reached XP level 4. HP: 33/33 MP: 3/7
  2207 | D:2      | Found a white marble altar of Elyvilon.
  2208 | D:2      | Noticed Jessica
  2220 | D:2      | Killed Jessica
  2221 | D:2      | Reached skill level 5 in Conjurations
  2619 | D:2      | Noticed Sigmund
  3184 | D:2      | Killed Sigmund
  3185 | D:2      | Reached skill level 1 in Fighting
  3185 | D:2      | Reached skill level 1 in Shields
  3185 | D:2      | Reached XP level 5. HP: 15/40 MP: 2/10
  3185 | D:2      | Reached XP level 6. HP: 17/47 MP: 2/11
  3427 | D:2      | Learned a level 2 spell: Searing Ray
  3431 | D:2      | Learned a level 3 spell: Dazzling Flash
  3436 | D:2      | Learned a level 4 spell: Fulminant Prism
  4595 | D:4      | Found a glowing silver altar of Zin.
  4671 | D:4      | Reached skill level 6 in Conjurations
  4761 | D:4      | Found a blossoming altar of Fedhas.
  4764 | D:4      | Noticed Blork the orc
  4771 | D:4      | Killed Blork the orc
  4772 | D:4      | Your scales start taking on a pale cyan-grey colour.
  4772 | D:4      | Reached XP level 7. HP: 49/52 MP: 7/13
  4972 | D:4      | Found a staircase to the Ecumenical Temple.
  4996 | D:4      | Noticed Eustachio
  5017 | D:4      | Killed Eustachio
  5018 | D:4      | Reached skill level 1 in Evocations
  5195 | D:4      | Learned a level 4 spell: Iskenderun's Mystic Blast
  5332 | D:5      | Entered Level 5 of the Dungeon
  5440 | D:5      | Reached skill level 5 in Spellcasting
  5986 | D:5      | Reached XP level 8. HP: 59/59 MP: 11/15
  6281 | D:5      | Reached skill level 7 in Conjurations
  6533 | D:6      | Learned a level 1 spell: Pain
  6738 | D:6      | Reached skill level 1 in Necromancy
  7569 | D:7      | Found Rumpudul's Jewellery Emporium.
  7579 | D:7      | Found Qoil's Distillery.
  7770 | D:7      | Found Zupsur's Assorted Antiques.
  7775 | D:7      | Bought a scroll labelled ISOOWKA DAHIE for 25 gold pieces
  7775 | D:7      | Bought a scroll labelled XEKLUL HACEUMP for 25 gold pieces
  7775 | D:7      | Bought a scroll labelled ICHIL KUIMI for 25 gold pieces
  7775 | D:7      | Bought a fuming sapphire potion for 22 gold pieces
  8174 | D:7      | Reached skill level 8 in Conjurations
  8174 | D:7      | Reached skill level 5 in Evocations
  8174 | D:7      | Reached XP level 9. HP: 61/64 MP: 8/16
  8425 | D:7      | Found Hesol's Magic Scroll Shop.
  8433 | D:7      | Bought 3 scrolls of identify for 84 gold pieces
  8437 | D:7      | Gained mutation: You occasionally shout uncontrollably at
                  | your foes. [potion of mutation]
  8437 | D:7      | Lost mutation: You occasionally shout uncontrollably at
                  | your foes. [potion of mutation]
  8437 | D:7      | Gained mutation: You have large cloven feet. [potion of
                  | mutation]
  8438 | D:7      | Lost mutation: You have large cloven feet. [potion of
                  | mutation]
  8438 | D:7      | Gained mutation: Your flesh is heat resistant. (rF+)
                  | [potion of mutation]
  8438 | D:7      | Gained mutation: Your natural rate of healing is unusually
                  | fast. [potion of mutation]
  8438 | D:7      | Gained mutation: Your spells are a little harder to cast,
                  | but a little more powerful. [potion of mutation]
  8670 | D:7      | Found Xuxzeo's Distillery.
  8677 | D:7      | Bought 2 potions of heal wounds for 120 gold pieces
  8677 | D:7      | Bought a potion of curing for 36 gold pieces
  8795 | D:7      | Learned a level 1 spell: Sandblast
  8798 | D:7      | Learned a level 2 spell: Passwall
  8824 | D:7      | Reached skill level 1 in Earth Magic
  9165 | D:8      | Noticed a two-headed ogre
  9175 | D:8      | Mangled by a two-headed ogre

Illustrated notes

Levels and vault maps discovered:
D:1:      amcnicky_arrival_gap_in_the_tavern_cellar, layout_basic,
          minmay_hedge_maze
D:2:      layout_loops_ring, elyvilon_altar_4, uniq_sigmund, uniq_jessica
D:3:      layout_basic
D:4:      layout_rooms, lemuel_round_altar, kennysheep_mini_moat,
          minmay_temple_entry_grid, uniq_blork_the_orc, uniq_eustachio
D:5:      layout_gridville
D:6:      layout_basic, serial_glass, glass_columns_a, glass_columns_a
D:7:      minmay_clustersquares, layout_loops_ring, serial_shops, shop,
          shop_coins, nicolae_shop_crystal, shop, shop
D:8:      layout_basic, trog_ov_bears_minmay

Skill      XL: |  1  2  3  4  5  6  7  8  9 |
---------------+----------------------------+-----
Dodging        | 2 |  2.7
Stealth        | 2 |  2.2
Conjurations   | 5 6 8 |  8.5
Fighting       | 1 |  1.0
Shields        | 1 3 4 |  4.0
Spellcasting   | 3 4 5 |  5.0
Evocations     | 2 5 |  5.0
Necromancy     | 3 4 |  4.5
Earth Magic    | 1 |  1.3
Unarmed Combat | |  0.2

Action                   |  1- 3 |  4- 6 |  7- 9 || total
-------------------------+-------+-------+-------++-------
Melee: Unarmed           |    52 |       |       ||    52
       Tailslap          |     3 |       |     6 ||     9
       Spear             |       |    10 |       ||    10
       Scythe            |       |     1 |    69 ||    70
       Dagger            |       |       |     5 ||     5
 Cast: Magic Dart        |   107 |   119 |   261 ||   487
       Searing Ray       |       |       |     2 ||     2
 Abil: Breathe Steam     |       |       |     8 ||     8
  Use: Scroll            |       |     6 |    12 ||    18
       Potion            |       |       |     4 ||     4
Armor: Skin              |    34 |     7 |    72 ||   113
Dodge: Dodged            |    71 |    25 |   111 ||   207
Block: Other             |    28 |     7 |    46 ||    81
       Reflection        |     2 |     1 |     1 ||     4

Table legend: (Time is in decaauts)
 A = Elapsed time spent in this place.
 B = Non-inter-level travel time spent in this place.
 C = Inter-level travel time spent in this place.
 D = Time resting spent in this place.
 E = Time spent auto-exploring this place.
 F = Levels seen in this place.
 G = Mean time per level.
                   A        B        C        D        E       F      G
               +--------+--------+--------+--------+--------+-----+--------+
         Total |   9276 |   8951 |    325 |    125 |   7231 |   8 | 1159.5 |
       Dungeon |   9276 |   8951 |    325 |    125 |   7231 |   8 | 1159.5 |
               +--------+--------+--------+--------+--------+-----+--------+

Top non-repeatable levels by time:
     D:1: 2227 daAuts
     D:7: 1930 daAuts
     D:2: 1480 daAuts
     D:5: 1003 daAuts
     D:6: 919 daAuts
     D:3: 843 daAuts
     D:4: 798 daAuts
     D:8: 72 daAuts
